 Dungeon Crawl Stone Soup version 0.32-a0-870-g877066f4b4 (webtiles) character file.

Game seed: 347164702897150214

126 WasteTime99 the Chopper (level 4, -3/38 HPs)
             Began as a Mountain Dwarf Fighter on Mar 29, 2024.
             Slain by a gnoll
             ... wielding a +0 flail
             ... led by a gnoll bouda
              (10 damage)
             ... on level 2 of the Dungeon.
             The game lasted 00:04:22 (2063 turns).

WasteTime99 the Chopper (Mountain Dwarf Fighter)    Turns: 2063, Time: 00:04:23

Health: -3/38      AC:  6    Str: 21    XL:     4   Next: 83%
Magic:  4/4        EV:  8    Int:  8    God:
Gold:   26         SH:  4    Dex:  9    Spells: 3/3 levels left

rFire   . . .        a - +0 war axe
rCold   . . .        c - +0 buckler
rNeg    . . .        b - +0 scale mail
rPois   .            (no helmet)
rElec   .            (no cloak)
rCorr   .            (no gloves)
SInv    .            (no boots)
Will    .....        (no amulet) Stlth
                     (no ring)
HPRegen 0.26/turn    (no ring)
MPRegen 0.09/turn

%: no passive effects
@: no status effects
A: runic magic, artefact enchanting
a: no special abilities


You were on level 2 of the Dungeon.
You visited 1 branch of the dungeon, and saw 3 of its levels.

You collected 50 gold pieces.
You spent 24 gold pieces at shops.

Inventory:

Hand Weapons
 a - a +0 war axe (weapon)
Armour
 b - a +0 scale mail (worn)
 c - a +0 buckler (worn)
Magical Staves
 i - the staff "Busayquo" {rPois Str+4 Alchemy}
   (You found it on level 3 of the Dungeon)

   [staff of alchemy]

   Base accuracy: +5 Base damage: 5 Base attack delay: 1.2 This weapon's minimum
   attack delay (0.6) is reached at skill level 12.
   Str+4:     It affects your strength (+4).
   rPois:     It protects you from poison.
   Alchemy:   It increases the power of your Alchemy spells.
   It falls into the 'Staves' category.
   It is a one-handed weapon.
Scrolls
 e - a scroll of amnesia
 g - 3 scrolls of teleportation
 j - a scroll of poison
Potions
 d - a potion of might
 f - a potion of curing
 h - a potion of lignification
 k - a potion of mutation {unknown}


   Skills:
 - Level 3.2 Fighting
 + Level 6.2 Axes
 - Level 3.2 Armour
 - Level 3.2 Shields


You had 3 spell levels left.
You didn't know any spells.
Your spell library was empty.

Dungeon Overview and Level Annotations

Branches:
Dungeon (3/15)

Altars:
The Shining One

Shops:
D:1 [??[(


Innate Abilities, Weirdness & Mutations

Your spellcasting is much less encumbered by armour.
You can use scrolls of enchantment on lesser artefacts.


Message History

You block the gnoll's attack. The gnoll attacks as it pursues you!
The gnoll hits you but does no damage.
There is an escape hatch in the ceiling here.
The gnoll hits you with a +0 flail. A mysterious force pulls you upwards.
The hatch slams shut behind you.
You slash the gnoll!
You kill the gnoll!
You hit the gnoll. The gnoll hits you with a +0 flail. x2
The gnoll attacks as it pursues you! The gnoll hits you with a +0 flail!
* * * LOW HITPOINT WARNING * * *
Things that are here:
a +0 club; a gnoll corpse You are too injured to fight recklessly!
You are too injured to fight recklessly!
You feel better. The gnoll hits you with a +0 flail.
You hit the gnoll but do no damage.
The gnoll is moderately wounded.
The gnoll hits you but does no damage.
You closely miss the gnoll.
The gnoll is moderately wounded.
The gnoll hits you with a +0 flail.
* * * LOW HITPOINT WARNING * * *
You feel better. The gnoll barely misses you.
You closely miss the gnoll.
The gnoll is moderately wounded.
The gnoll barely misses you.
You barely miss the gnoll.
The gnoll is moderately wounded.
The gnoll hits you with a +0 flail.
* * * LOW HITPOINT WARNING * * *
You closely miss the gnoll.
The gnoll is moderately wounded.
You block the gnoll's attack. The gnoll hits you with a +0 flail!
* * * LOW HITPOINT WARNING * * *
You feel better. The gnoll hits you with a +0 flail.
* * * LOW HITPOINT WARNING * * *
You barely miss the gnoll.
The gnoll is moderately wounded.
The gnoll hits you with a +0 flail!
You die...

..#.# #.#.# #.#.#.# ###.#
#.#.# #.#.#.# #.# ##.#.#
#.#.#.# #.###..#.# #.#.#.#
#.#...##.# #.#.#.#
#.#....÷.####### #.#.#.#
#.#...##.......# #.#...#
#.#...########g# ##.###.#
#.#...###....#@# #..# #.#
#.#...##.....#.####.## #.#
###.#...#......#......# #.#
#..............#####.## #.#
###.########..##.###.#####.#
#........................#
#...#############.#####.##
#...'.# #.# #.# #†..#.# #.#
#.#


You could see a gnoll.

Vanquished Creatures
  A jelly (D:2)
  A gnoll (D:2)
  2 adders (D:2)
  4 dart slugs
  3 orcs (D:2)
  4 endoplasms
  3 giant cockroaches
  4 goblins
  6 hobgoblins
  4 jackals (D:2)
  2 kobolds (D:1)
  3 quokkas
  4 ball pythons (D:1)
  9 bats
  A frilled lizard (D:2)
  5 rats
56 creatures vanquished.

Notes
Turn   | Place    | Note
-------+----------+-------------------------------------------
     0 | D:1      | WasteTime99 the Mountain Dwarf Fighter began the quest for
                  | the Orb.
     0 | D:1      | Reached XP level 1. HP: 19/19 MP: 1/1
   120 | D:1      | Reached skill level 3 in Axes
   136 | D:1      | Found Icukki's Armour Shop.
   143 | D:1      | Found Wazasei's Magic Scroll Boutique.
   193 | D:1      | Reached XP level 2. HP: 26/26 MP: 2/2
   224 | D:1      | Found Cuptaa's Magic Scroll Shoppe.
   276 | D:1      | Found Vutwuk's Armour Boutique.
   394 | D:1      | Reached skill level 4 in Axes
   396 | D:1      | Found Lacruth's Weapon Shop.
   690 | D:1      | Reached XP level 3. HP: 31/31 MP: 3/3
   743 | D:2      | Found a glowing golden altar of the Shining One.
   748 | D:2      | Reached skill level 5 in Axes
   914 | D:2      | Reached XP level 4. HP: 33/38 MP: 4/4
  1620 | D:2      | Reached skill level 6 in Axes
  1880 | D:1      | Bought a scroll of identify for 24 gold pieces
  1961 | D:3      | Identified the staff "Busayquo" {rPois Str+4 Alchemy}
  2063 | D:2      | Slain by a gnoll

Illustrated notes

Levels and vault maps discovered:
D:1:      dpeg_arrival_boxorama, layout_basic, serial_shops,
          nicolae_shop_tiny_statue_garden, nicolae_shop_statue_plus,
          nicolae_shop_tiny_statue_garden, shop, nicolae_shop_advertising_works
          [nicolae_subvault_shop_adworks], minmay_3d_cube
D:2:      layout_basic, serial_co_window_serial, co_window_corner_a,
          co_window_corner_a, co_window_paths_a, co_window_paths_a,
          co_window_paths_a, co_window_broadway_a, co_window_broadway_b,
          co_window_broadway_c, co_window_2corner, co_window_unsneaky_path_e,
          co_window_broadway_a, glass_columns_b, basic_altar,
          roderic_serpentine_path
D:3:      layout_basic, mainiacjoe_overflow_tiny_flanked, nicolae_grassy_gnolls

Skill      XL: |  1  2  3  4 |
---------------+-------------+-----
Axes           | 3 4 5 6 |  6.2
Fighting       | |  3.2
Armour         | |  3.2
Shields        | |  3.2

Action                     |  1- 3 |  4- 6 || total
---------------------------+-------+-------++-------
  Melee: War axe           |    95 |    60 ||   155
    Use: Scroll            |       |     5 ||     5
         Potion            |       |     3 ||     3
 Armour: Scale mail        |    69 |    54 ||   123
  Dodge: Dodged            |    43 |    26 ||    69
  Block: Buckler           |    26 |    15 ||    41

Table legend: (Time is in decaauts)
 A = Elapsed time spent in this place.
 B = Non-inter-level travel time spent in this place.
 C = Inter-level travel time spent in this place.
 D = Time resting spent in this place.
 E = Time spent auto-exploring this place.
 F = Levels seen in this place.
 G = Mean time per level.
                   A        B        C        D        E       F      G
               +--------+--------+--------+--------+--------+-----+--------+
         Total |   2110 |   1881 |    229 |      0 |   1440 |   3 |  703.3 |
       Dungeon |   2110 |   1881 |    229 |      0 |   1440 |   3 |  703.3 |
               +--------+--------+--------+--------+--------+-----+--------+

Top non-repeatable levels by time:
     D:2: 1141 daAuts
     D:1: 815 daAuts
     D:3: 152 daAuts
